Map: Prion Terraces

Players

DenHong

  • Race: Terran Terran
  • League: Diamond

MorN - Winner!

  • Race: Terran Terran
  • League: Master

VOD

Have the link to the VOD?

Description

Time

  • Played on: Dec. 4, 2015, 2:13 a.m.
  • Length: 4:49
Show
View Real Time Build Order
Export as new Build Order

DenHong Terran 

Build Orders:  

Get SALT Encoding   

  12  0:01  SCV  
  13  0:13  SCV  
  14  0:17  Supply Depot  
  14  0:25  SCV  
  15  0:39  SCV  
  15  0:41  Barracks  
  16  0:50  Barracks  
  16  0:55  SCV  
  17  1:10  Barracks  
  17  1:12  SCV  
  18  1:24  SCV  
  19  1:29  Marine  
  19  1:32  Supply Depot  
  20  1:36  SCV  
  20  1:38  Marine  
  22  1:47  Marine  
  22  1:51  Orbital Command  
  23  1:57  Marine  
  23  1:58  Marine  
  25  2:05  Marine  
  26  2:14  Marine  
  27  2:16  Marine  
  27  2:19  SCV  
  27  2:22  Refinery  
  29  2:23  Refinery  
  29  2:25  Marine  
  30  2:39  Marine  
  31  3:00  Supply Depot  
  31  3:02  Engineering Bay  
  31  3:07  Command Center  
  30  3:24  Factory  
  30  3:25  SCV  
  31  3:28  Barracks Tech Lab x2  
  31  3:33  Marine  
  32  3:37  SCV  
  33  3:42  Supply Depot  
  33  3:53  Marine  
  34  3:59  SCV  
  35  4:10  Starport  
  35  4:13  Marine  
  35  4:14  SCV  
  37  4:18  Supply Depot  
  37  4:19  Missile Turret  
Show
View Real Time Build Order
Export as new Build Order

MorN Terran - Winner!

Build Orders: 1/1/1, Banshee Rush 

Get SALT Encoding   

  12  0:01  SCV  
  13  0:13  SCV  
  14  0:17  Supply Depot  
  14  0:25  SCV  
  14  0:27  Refinery  
  15  0:39  SCV  
  16  0:44  Barracks  
  16  0:51  SCV  
  16  0:54  Refinery  
  17  1:03  SCV  
  18  1:15  SCV  
  19  1:32  Reaper  
  20  1:33  Orbital Command  
  20  1:35  Factory  
  20  1:44  Supply Depot  
  20  1:59  SCV  
  21  2:04  Reaper  
  22  2:12  SCV  
  23  2:21  Hellion, Starport  
  25  2:24  SCV  
  26  2:30  Supply Depot  
  26  2:39  Barracks Tech Lab  
  26  2:42  SCV, Hellion  
  29  2:55  SCV  
  30  3:03  Hellion  
  30  3:05  Banshee, Cloaking Field  
  32  3:10  SCV  
  32  3:11  Barracks Tech Lab  
  36  3:16  Supply Depot  
  36  3:26  SCV  
  37  3:27  Factory Reactor  
  37  3:32  Marine  
  38  3:50  Banshee  
  38  3:54  Command Center  
  38  3:55  SCV  
  42  3:57  Marine  
  42  4:06  Hellion  
  42  4:07  Hellion  
  46  4:11  SCV  
  47  4:27  Supply Depot  
  47  4:47  Barracks  
Tags
 
Matchup
TvT
Opening
1/1/1
Race
Terran
Replay Pack
MorN pack 2
Strategy
Banshee Rush
Add a new tag
Caveats
  • Supply blocks, unpowered buildings, or Contaminate may cause inaccurate times.
  • Supply counts are checked every 10 seconds.